AoeStats
← Svenski

Scandinavia

510574433Analyzed
1v1 RM · 1d ago on Oct 1, 2026· 38m 15s· 2 players
Game mode
Random Map
Map size
Tiny (2 player)
Population
200
Speed
Normal
Resources
Standard
Victory
Conquest
Starting age
Dark Age
Ending age
Imperial Age
RankedLock teamsTeams togetherTeam positionsShared explorationLock speedFull tech treeHidden civsTurbo modeCheats
Victory
Defeat
🇧🇪 Ethiopians · Belgium
1185
+16
🇸🇮 Teutons · Slovenia
1194
-16
Svenski
5:39 Loom
11:49 Feudal Age
12:33 Man-at-Arms
13:07 Double-Bit Axe
15:52 Wheelbarrow
17:22 Castle Age
15:39 Fletching
16:59 Padded Archer Armor
17:03 Horse Collar
17:25 Crossbowman
18:52 Bodkin Arrow
20:25 Bow Saw
21:59 Scale Barding Armor
23:29 Thumb Ring
23:27 Husbandry
24:03 Light Cavalry
25:37 Stone Mining
25:38 Gold Mining
26:04 Town Watch
27:26 Wheelbarrow
27:33 Forging
28:47 Chain Barding Armor
35:52 Iron Casting
35:33 Leather Archer Armor
m00n
11:00 Feudal Age
15:51 Castle Age
14:21 Double-Bit Axe
14:18 Horse Collar
15:44 Loom
26:10 Bloodlines
28:21 Wheelbarrow
30:08 Pikeman
31:17 Bow Saw
35:33 Imperial Age
34:47 Elite Skirmisher
35:19 Fletching
36:06 Bodkin Arrow
36:41 Ballistics
Connection lost

Rejoining the realm…

Still unreachable

The connection could not be restored.

Session expired

The server has moved on; the page needs a fresh start.